 Dungeon Crawl Stone Soup version 0.20.1-1-g8b1a95d66d (webtiles) character file.

1684 NullDivider the Sneak (level 9, -1/58 HPs)
             Began as an Octopode Artificer on Nov 22, 2017.
             Was a Believer of Nemelex Xobeh.
             Slain by a sky beast (3 damage)
             ... on level 7 of the Dungeon.
             The game lasted 00:46:51 (8447 turns).

NullDivider the Sneak (Octopode Artificer)          Turns: 8447, Time: 00:46:51

Health: -1/58      AC:  1    Str: 11    XL:     9   Next: 2%
Magic:  14/14      EV: 16    Int: 13    God:    Nemelex Xobeh [**....]
Gold:   238        SH:  0    Dex: 18    Spells: 8/8 levels left

rFire    . . .     SeeInvis .   A - +0 dagger
rCold    + . .     Gourm    .   (no shield)
rNeg     . . .     Faith    .   (helmet restricted)
rPois    .         Spirit   .   (no amulet)
rElec    .         Reflect  .   e - ring of protection from cold
rCorr    .         Harm     .   C - +2 ring of dexterity
MR       .....                  (no ring)
Stlth    +++++.....             (no ring)
Regen    0.2/turn               (no ring)
MPRegen  0.2/turn               (no ring)
                                (no ring)
                                (no ring)

@: no status effects
A: almost no armour, stealthy swim, amphibious, 8 rings, constrict 8, camouflage
1, gelatinous body 1
a: Renounce Religion


You were on level 7 of the Dungeon.
You worshipped Nemelex Xobeh.
Nemelex Xobeh was pleased with you.
You were not hungry.

You visited 1 branch of the dungeon, and saw 7 of its levels.

You collected 238 gold pieces.

Inventory:

Hand Weapons
 A - a +0 dagger (weapon)
Armour
 H - a +0 shield
Jewellery
 e - a ring of protection from cold (left tentacle)
 C - a +2 ring of dexterity (right tentacle)
Wands
 b - a wand of flame (8/48)
 c - a wand of enslavement (14/24)
 d - a wand of random effects (15/48)
 D - a wand of paralysis (18/24)
Scrolls
 j - 6 scrolls of teleportation
 l - a scroll of immolation {unknown}
 n - a scroll of identify
 p - a scroll of random uselessness {unknown}
 r - 5 scrolls of amnesia
 s - 2 scrolls of remove curse {unknown}
 v - 3 scrolls of recharging {unknown}
 G - 2 scrolls of enchant weapon {unknown}
 J - a scroll of vulnerability {unknown}
Potions
 h - 3 potions of brilliance
 i - 9 potions of curing
 m - a potion of cancellation {unknown}
 q - 4 potions of flight
 t - 2 potions of ambrosia {unknown}
 u - 2 potions of degeneration {unknown}
 w - a potion of berserk rage {unknown}
 x - 2 potions of heal wounds {unknown}
 z - a potion of lignification {unknown}
 B - a potion of mutation {unknown}
 F - a potion of magic {unknown}
 I - a potion of invisibility {unknown}
Miscellaneous
 E - an ornate deck of destruction {drawn: 2}
Comestibles
 a - 5 chunks of flesh
 f - 7 bread rations
 g - a fruit
 k - 4 royal jellies
 o - 2 meat rations


   Skills:
 + Level 4.0 Fighting
 + Level 4.1 Short Blades
 + Level 4.2 Dodging
 + Level 7.4 Stealth
 * Level 4.6 Invocations
 * Level 6.7 Evocations


You had 8 spell levels left.
You didn't know any spells.

Dungeon Overview and Level Annotations

Branches:
Dungeon (7/15)             Temple (0/1) D:5

Altars:
Dithmenos
Elyvilon
Fedhas
Gozag
Hepliaklqana
Kikubaaqudgha
Makhleb
Nemelex Xobeh
Qazlal
Yredelemnul
The Shining One


Innate Abilities, Weirdness & Mutations

You cannot wear most types of armour.
You are very stealthy in the water. (Stealth+)
You are amphibious.
You can wear up to eight rings at the same time.
You can use your tentacles to constrict eight enemies at once.
Your skin changes colour to match your surroundings (Stealth+).
Your rubbery body absorbs attacks. (AC +1, EV +1)


Message History

* * * LOW HITPOINT WARNING * * *
You see here a ring mail.
Evoke which item? (* to show all) (? for menu, Esc to quit)
You draw a card...
It is the Elements.
The deck of cards disappears without a trace.
The crimson imp shouts, "Leave, thou jarring dread-bolted nert!"
The crimson imp hits you with a dagger of chaos.
* * * LOW HITPOINT WARNING * * *
Something hits you.
* * * LOW HITPOINT WARNING * * *
Something shocks you.
* * * LOW HITPOINT WARNING * * *
You hit the crimson imp but do no damage.
You grab the crimson imp. Your squeeze misses the crimson imp.
You constrict the crimson imp, but do no damage.
You hit the crimson imp.
The crimson imp is lightly wounded.
You constrict the crimson imp. Something hits you.
You die...
Your body disappears without a glow.

##...###........
#######.## #.#
........####.#
######.)..).(#
##.###### #.# #.#
#.# ##@## #####.5.#
#
.....l.hY#######...#
#####'##.....$..(..#
#.. #.#######.<.#
#.. #.. # #_ #.## ##
###


You could see a crimson imp, a friendly raiju, a friendly basilisk and a
friendly ice beast.

Vanquished Creatures
  An orc warrior (D:7)
  A phantom (D:5)
  A centaur (D:7)
  A necrophage (D:3)
  Blork the orc (D:6)
  2 scorpions
  3 crimson imps
  2 orc wizards
  A hound (D:5)
  A bullfrog skeleton (D:5)
  A worker ant (D:5)
  2 howler monkey zombies
  A worker ant zombie (D:6)
  3 gnolls (D:4)
  4 adders
  3 shadow imps
  3 oozes
  An adder zombie (D:5)
  An adder skeleton (D:5)
  6 worms
  2 dart slugs
  5 leopard geckos
  10 orcs
  3 giant cockroaches
  15 goblins
  6 hobgoblins
  2 jackals (D:5)
  8 quokkas
  2 ball pythons (D:1)
  9 bats
  6 frilled lizards
  A giant cockroach zombie (D:6)
  7 kobolds
  A quokka skeleton (D:4)
  29 rats
145 creatures vanquished.

Vanquished Creatures (collateral kills)
  Joseph (D:7)
  Sigmund (D:3)
  Eustachio (D:6)
  A sky beast (D:4)
  An orc priest (D:3)
  An orc wizard (D:3)
  An iguana (D:5)
  A worker ant (D:5)
  An adder (D:3)
  A ball lightning (D:7)
  An orc (D:3)
  A hobgoblin (D:2)
  3 jackals (D:5)
15 creatures vanquished.

Vanquished Creatures (others)
  A hound (D:7)
  Robin (D:2)
2 creatures vanquished.

Grand Total: 162 creatures vanquished

Notes
Turn   | Place    | Note
-------+----------+-------------------------------------------
     0 | D:1      | NullDivider the Octopode Artificer began the quest for the Orb.
     0 | D:1      | Reached XP level 1. HP: 13/13 MP: 3/3
   209 | D:1      | Reached XP level 2. HP: 18/18 MP: 4/4
   357 | D:1      | Reached skill level 2 in Stealth
   910 | D:1      | Reached XP level 3. HP: 22/23 MP: 5/5
  1214 | D:2      | Found a basalt altar of Yredelemnul.
  1640 | D:2      | Reached skill level 3 in Stealth
  1640 | D:2      | Reached XP level 4. HP: 6/28 MP: 6/6
  2035 | D:2      | Found an opulent altar of Gozag.
  2035 | D:2      | Found a sparkling altar of Nemelex Xobeh.
  2035 | D:2      | Noticed Robin
  2354 | D:2      | Your ally died
  2607 | D:2      | Became a worshipper of Nemelex Xobeh the Trickster
  3126 | D:3      | Reached skill level 4 in Stealth
  3133 | D:3      | Received a gift from Nemelex Xobeh
  3137 | D:3      | Reached XP level 5. HP: 34/34 MP: 8/8
  3142 | D:3      | Noticed a necrophage
  3148 | D:3      | Killed a necrophage
  3345 | D:3      | Reached XP level 6. HP: 21/39 MP: 9/9
  3374 | D:3      | HP: 1/39 [orc wizard/magic dart (8)]
  3378 | D:3      | Reached skill level 5 in Stealth
  4163 | D:3      | Noticed Sigmund
  4171 | D:3      | Noticed a wyvern
  4181 | D:3      | Killed Sigmund
  4181 | D:3      | Reached skill level 5 in Evocations
  4181 | D:3      | Reached XP level 7. HP: 7/45 MP: 10/10
  4906 | D:4      | Reached * piety under Nemelex Xobeh
  4909 | D:4      | Reached skill level 6 in Stealth
  4925 | D:4      | Found an ancient bone altar of Kikubaaqudgha.
  4925 | D:4      | Found a glowing golden altar of the Shining One.
  5012 | D:4      | Found a white marble altar of Elyvilon.
  5014 | D:4      | Found a hazy altar of Hepliaklqana.
  5022 | D:4      | Found a shadowy altar of Dithmenos.
  5023 | D:4      | Found a stormy altar of Qazlal.
  5224 | D:4      | Reached skill level 1 in Invocations
  5704 | D:4      | HP: 1/45 [phantom (9)]
  6780 | D:5      | Entered Level 5 of the Dungeon
  7094 | D:5      | Found a blossoming altar of Fedhas.
  7170 | D:5      | Reached XP level 8. HP: 52/52 MP: 12/12
  7186 | D:5      | Found a staircase to the Ecumenical Temple.
  7534 | D:6      | Reached ** piety under Nemelex Xobeh
  7534 | D:6      | Received a gift from Nemelex Xobeh
  7559 | D:6      | Noticed Blork the orc
  7573 | D:6      | Killed Blork the orc
  7747 | D:6      | Noticed Eustachio
  7756 | D:6      | Killed Eustachio
  8183 | D:7      | Reached skill level 7 in Stealth
  8198 | D:7      | Noticed Joseph
  8204 | D:7      | Killed Joseph
  8399 | D:7      | Reached XP level 9. HP: 58/58 MP: 12/14
  8443 | D:7      | Found a burning altar of Makhleb.
  8445 | D:7      | HP: 2/58 [something (5)]
  8447 | D:7      | Slain by a sky beast

Skill      XL: |  1  2  3  4  5  6  7  8 |
---------------+-------------------------+-----
Stealth        | 2 3 4 5 6 7 |  7.4
Evocations     | 4 5 6 |  6.7
Short Blades   | 2 3 4 |  4.1
Fighting       | 2 3 4 |  4.0
Dodging        | 3 4 |  4.2
Invocations    | 2 4 |  4.6

Action                   |  1- 3 |  4- 6 |  7- 9 || total
-------------------------+-------+-------+-------++-------
Melee: Short sword       |    65 |       |       ||    65
       Constrict         |    21 |    31 |    48 ||   100
       Tentacles         |    16 |    19 |    51 ||    86
       Dagger            |    14 |   102 |   198 ||   314
Evoke: Wand              |     1 |     5 |     2 ||     8
       Deck              |       |     4 |     8 ||    12
  Use: Scroll            |       |       |     5 ||     5
 Stab: Sleeping          |     3 |     8 |    19 ||    30
       Distracted        |       |       |     1 ||     1
  Eat: Chunk             |     2 |     7 |    13 ||    22
       Fruit             |       |     1 |     1 ||     2
Armor: Skin              |     4 |    11 |     8 ||    23
Dodge: Dodged            |    50 |    69 |    97 ||   216
